Map: Kairos Junction LE

Players

lllIIIIllll (Creator)

  • Race: Protoss Protoss
  • League: Master
  • Spawn Location: 5:00

LiquidSnute (Snute) - Winner!

  • Race: Zerg Zerg
  • League: Grandmaster
  • Spawn Location: 11:00

Event: HomeStory Cup XIX

VOD

Have the link to the VOD?

Description

Time

  • Played on: June 27, 2019, 12:17 p.m.
  • Length: 10:59

All games in this series

Show
View Real Time Build Order
Export as new Build Order

lllIIIIllll Protoss 

Build Orders: 1 Gate Expand, Phoenix Opening, Archon Immortal 

Get SALT Encoding   

  12  0:00  Probe  
  13  0:12  Probe  
  14  0:18  Pylon  
  14  0:24  Probe  
  15  0:33  Probe  
  15  0:39  Gateway  
  15  0:41  Probe  
  16  0:46  Assimilator  
  17  0:51  Probe  
  18  1:03  Probe  
  19  1:15  Probe  
  20  1:23  Nexus  
  20  1:33  Cybernetics Core  
  20  1:36  Probe  
  21  1:40  Assimilator  
  21  1:48  Probe  
  21  1:50  Pylon  
  22  2:00  Probe  
  23  2:02  Sentry  
  23  2:12  Probe  
  26  2:17  Warp Gate  
  26  2:24  Probe  
  27  2:32  Robotics Facility  
  27  2:35  Probe x2  
  27  2:36  Phoenix  
  29  2:40  Stalker  
  29  2:43  Probe  
  29  2:44  Probe  
  31  2:51  Probe  
  33  2:52  Probe, Gateway  
  35  3:02  Probe  
  35  3:03  Probe  
  37  3:10  Sentry  
  37  3:11  Immortal  
  39  3:14  Probe  
  39  3:15  Probe  
  39  3:19  Pylon  
  46  3:27  Probe  
  46  3:32  Pylon  
  46  3:37  Probe  
  46  3:40  Probe  
  47  3:47  Immortal  
  47  3:48  Probe  
  48  3:49  Probe  
  54  3:55  Assimilator  
  54  3:56  Probe  
  54  3:59  Assimilator  
  54  4:01  Probe, Twilight Council  
  56  4:03  Forge  
  56  4:08  Probe  
  57  4:12  Pylon  
  57  4:15  Adept  
  57  4:16  Warp Prism  
  61  4:39  Resonating Glaives  
  61  4:45  Gateway x2  
  61  4:46  Observer, Gateway  
  61  4:48  Gateway  
  62  4:53  Protoss Ground Weapons Level 1  
  62  4:56  Gateway  
  62  5:00  Immortal, Gateway  
  62  5:04  Pylon  
  62  5:10  Probe  
  67  5:17  Pylon  
  67  5:18  Sentry  
  69  5:21  Pylon  
  69  5:28  Immortal  
  69  5:35  Sentry  
  71  5:41  Sentry x2  
  79  5:43  Shield Battery  
  79  5:55  Pylon  
  79  6:01  Immortal  
  79  6:04  Pylon  
  83  6:21  Adept, Nexus  
  83  6:22  Adept, Pylon  
  83  6:23  Adept x2  
  91  6:28  Adept x2  
  95  6:35  Adept x2  
  99  6:51  Warp Prism  
  99  6:54  Adept x2  
  99  6:55  Adept x4  
  101  7:07  Adept  
  101  7:08  Adept  
  103  7:22  Adept x4  
  72  7:33  Adept  
  72  7:34  Adept x3, Immortal  
  70  7:56  Sentry  
  70  7:57  Adept x3  
  78  8:09  Immortal  
  78  8:16  Templar Archives  
  82  8:22  Adept x3  
  88  8:42  Immortal  
  90  8:54  High Templar x4  
  96  8:56  Pylon  
  96  8:57  Zealot x4  
  96  8:58  Archon  
  96  8:59  Archon  
  104  9:12  Immortal  
  104  9:19  Zealot x2, High Templar x2  
  116  9:26  Archon  
  116  9:32  Zealot  
  116  9:36  Pylon  
  118  9:46  Pylon  
  118  10:13  High Templar x2  
  118  10:14  Zealot, High Templar  
  124  10:15  Zealot x3, High Templar  
  124  10:18  Archon  
  124  10:20  Archon  
  124  10:21  Pylon  
  134  10:22  Pylon  
  134  10:24  Pylon  
  70  10:53  Zealot x5  
  70  10:54  Zealot x3  
Show
View Real Time Build Order
Export as new Build Order

LiquidSnute Zerg - Winner!

Build Orders: Hatch First 

Get SALT Encoding   

  12  0:00  Drone  
  13  0:12  Overlord  
  13  0:16  Drone  
  14  0:30  Drone x2  
  14  0:34  Drone  
  17  0:51  Hatchery  
  17  0:54  Drone  
  18  0:57  Drone  
  18  1:09  Extractor  
  17  1:13  Spawning Pool  
  17  1:17  Drone  
  17  1:18  Drone  
  18  1:27  Drone  
  19  1:38  Overlord  
  19  1:49  Drone  
  20  2:00  Drone  
  20  2:01  Queen  
  23  2:03  Drone, Queen  
  23  2:08  Metabolic Boost  
  26  2:10  Zergling x2  
  26  2:14  Zergling x2  
  28  2:21  Zergling x2  
  29  2:26  Drone  
  30  2:32  Drone  
  30  2:36  Drone  
  32  2:42  Hatchery  
  31  2:44  Overlord  
  31  2:49  Queen  
  33  2:53  Drone x2  
  33  2:57  Drone  
  36  3:05  Drone  
  37  3:09  Drone x3  
  37  3:10  Overlord  
  40  3:16  Overlord  
  40  3:18  Drone  
  41  3:29  Drone x2  
  43  3:38  Drone, Extractor  
  43  3:40  Drone x2  
  45  3:41  Drone x2  
  45  3:45  Drone x2  
  45  3:46  Drone  
  49  3:50  Drone, Extractor, Roach Warren  
  49  3:55  Drone x2  
  49  4:00  Drone  
  51  4:06  Drone  
  51  4:07  Drone  
  53  4:10  Overlord  
  53  4:19  Overlord  
  53  4:27  Overlord x2  
  53  4:31  Roach x9  
  71  4:34  Overlord  
  71  4:38  Queen x2  
  71  4:41  Zergling x2  
  71  4:43  Zergling x2  
  76  4:52  Zergling x12  
  82  4:53  Ravager x2  
  82  4:54  Ravager  
  82  4:57  Zergling x6  
  82  4:58  Zergling x2  
  89  5:02  Zergling x6  
  89  5:05  Zergling x4  
  94  5:09  Ravager  
  94  5:11  Overlord  
  95  5:15  Zergling x2  
  95  5:19  Ravager  
  95  5:20  Zergling x4, Baneling Nest  
  95  5:21  Zergling x6  
  102  5:28  Zergling x6  
  102  5:34  Roach x3  
  109  5:41  Roach x2  
  113  5:49  Zergling x2  
  114  5:50  Overlord  
  114  5:52  Overlord  
  114  5:58  Overlord  
  114  6:00  Spore Crawler  
  114  6:01  Spore Crawler  
  114  6:02  Spore Crawler  
  110  6:04  Zergling x6  
  110  6:07  Overlord  
  112  6:12  Zergling x10  
  116  6:19  Ravager x4  
  116  6:20  Ravager  
  121  6:29  Ravager  
  121  6:30  Zergling x20  
  132  6:39  Zergling x6  
  131  6:43  Ravager x2  
  118  6:56  Roach x4  
  125  7:02  Zergling x10  
  114  7:21  Zergling x2  
  114  7:22  Zergling x16  
  100  7:24  Zergling x2  
  88  7:33  Roach x5  
  92  7:38  Roach x4  
  93  7:45  Zergling x6  
  93  7:48  Ravager x2  
  93  7:49  Baneling x3  
  93  7:50  Zergling x6  
  101  8:03  Drone x6  
  101  8:04  Lair  
  107  8:09  Zergling x2  
  108  8:14  Drone x5  
  113  8:22  Drone x3  
  117  8:27  Ravager x2  
  117  8:30  Overlord  
  117  8:31  Zergling x10  
  122  8:40  Ravager x2  
  124  8:45  Zergling x12  
  124  8:52  Zergling x4  
  125  9:00  Zergling x10  
  131  9:02  Ravager  
  131  9:08  Zergling x12  
  134  9:15  Glial Reconstitution  
  132  9:20  Roach x4  
  139  9:25  Baneling  
  136  9:32  Zergling x12  
  136  9:36  Extractor  
  141  9:46  Zergling x12  
  141  9:52  Baneling x9  
  144  10:04  Zergling x18  
  153  10:12  Baneling x6  
  153  10:13  Baneling  
  153  10:14  Overlord x2  
  153  10:20  Baneling x2  
  134  10:41  Zergling x14  
  134  10:42  Zergling x6  
Tags
 
Add a new tag
Caveats
  • Supply blocks, unpowered buildings, or Contaminate may cause inaccurate times.
  • Supply counts are checked every 10 seconds.